Map: Orbital Shipyard

Players

Naattt - Winner!

  • Race: Protoss Protoss
  • League: Grandmaster

NattBurnSalt

  • Race: Terran Terran
  • League: Grandmaster

VOD

Have the link to the VOD?

Description

Time

  • Played on: June 14, 2015, 9:26 p.m.
  • Length: 7:10
Show
View Real Time Build Order
Export as new Build Order

Naattt Protoss - Winner!

Build Orders: Mass Adepts 

Get SALT Encoding   

  12  0:10  Pylon  
  12  0:17  Assimilator  
  12  0:30  Gateway  
  12  0:33  Probe (Chrono Boost)  
  14  0:43  Probe (Chrono Boost)  
  14  0:50  Probe  
  15  0:59  Pylon  
  15  1:02  Probe (Chrono Boost)  
  17  1:13  Probe (Chrono Boost)  
  17  1:17  Cybernetics Core  
  17  1:20  Probe  
  18  1:32  Probe  
  19  1:44  Probe  
  20  1:53  Robotics Facility  
  20  1:54  Warp Gate (Chrono Boost)  
  20  1:55  Adept  
  22  2:21  Gateway  
  22  2:22  Adept  
  24  2:23  Gateway  
  24  2:26  Gateway  
  24  2:39  Warp Prism (Chrono Boost)  
  26  2:44  Mothership Core  
  28  2:57  Pylon  
  28  3:19  Pylon  
  28  3:36  Pylon  
  28  3:43  Adept x4  
  32  4:00  Warp Prism (Chrono Boost)  
  32  4:03  Assimilator  
  32  4:28  Immortal (Chrono Boost)  
  36  4:34  Adept x4  
  45  5:00  Observer (Chrono Boost)  
  43  5:16  Adept x4  
  51  5:21  Probe  
  52  5:31  Pylon  
  48  5:49  Adept x4  
  54  6:21  Adept x2  
  54  6:22  Adept x2  
Show
View Real Time Build Order
Export as new Build Order

NattBurnSalt Terran 

Build Orders:  

Get SALT Encoding   

  12  0:07  Refinery  
  12  0:11  SCV  
  13  0:23  SCV  
  14  0:31  Supply Depot  
  14  0:35  SCV  
  15  0:53  SCV  
  15  0:54  Barracks  
  16  1:05  SCV  
  17  1:17  SCV  
  18  1:30  SCV  
  19  1:42  Supply Depot, Factory, Barracks Reactor  
  19  1:45  Orbital Command  
  19  2:11  SCV  
  20  2:23  SCV  
  20  2:26  Command Center  
  21  2:31  Widow Mine x2  
  21  2:35  SCV  
  26  2:37  Factory  
  26  2:46  Supply Depot  
  26  2:47  SCV  
  27  2:59  SCV, Widow Mine  
  27  3:05  Barracks Tech Lab  
  30  3:07  Widow Mine  
  30  3:10  Refinery  
  30  3:12  SCV, Supply Depot  
  33  3:24  SCV  
  34  3:28  Widow Mine  
  34  3:31  Supply Depot  
  36  3:35  Widow Mine  
  36  3:36  SCV  
  39  3:41  Widow Mine  
  39  3:45  Orbital Command  
  35  3:56  Widow Mine  
  31  4:04  Widow Mine  
  28  4:10  Widow Mine  
  28  4:13  SCV  
  28  4:14  SCV  
  23  4:25  SCV, Widow Mine  
  23  4:26  SCV  
  26  4:42  SCV x2  
  25  4:54  SCV  
  24  5:00  SCV  
  24  5:06  SCV  
  24  5:12  SCV  
  22  5:18  SCV  
  23  5:24  SCV  
  24  5:30  SCV  
  24  5:35  Widow Mine  
  25  5:36  SCV  
  25  5:42  SCV  
  27  5:48  SCV  
  27  5:54  SCV  
  28  6:00  SCV  
  28  6:01  Widow Mine  
  28  6:02  Widow Mine  
  33  6:08  SCV  
  34  6:13  SCV  
  34  6:17  Widow Mine  
  35  6:22  SCV  
  35  6:25  SCV  
  37  6:30  Widow Mine  
  41  6:34  SCV  
  40  6:41  SCV  
  40  6:46  SCV  
Tags
 
Add a new tag
Caveats
  • Supply blocks, unpowered buildings, or Contaminate may cause inaccurate times.
  • Supply counts are checked every 10 seconds.